 Dungeon Crawl Stone Soup version 0.30.1-11-g7821555f0a (webtiles) character file.

Game seed: 8211005757843941488

43 Eryximachus the Grave Robber (level 3, 0/16 HPs)
             Began as a Vine Stalker Necromancer on Dec 5, 2023.
             Slain by a hobgoblin (2 damage)
             ... led by Robin
             ... on level 2 of the Dungeon.
             The game lasted 00:04:32 (1409 turns).

Eryximachus the Grave Robber (VSNe)                 Turns: 1409, Time: 00:04:33

Health: 0/16       AC:  2    Str: 10    XL:     3   Next: 58%
Magic:  0/8        EV: 12    Int: 17    God:
Gold:   36         SH:  0    Dex: 14    Spells: 5/8 levels left

rFire   . . .        a - +0 dagger
rCold   . . .        (no shield)
rNeg    . . .        e - +0 robe {Will+}
rPois   .            (no helmet)
rElec   .            (no cloak)
rCorr   .            (no gloves)
SInv    .            (no boots)
Will    +....        (no amulet)
Stlth   ++           (no ring)
HPRegen 0.22/turn    (no ring)
MPRegen 0.11/turn

%: guardian spirit
@: no status effects
A: fangs 2, magic shield, antimagic bite, no potion heal 2
a: no special abilities


You were on level 2 of the Dungeon.
You visited 1 branch of the dungeon, and saw 2 of its levels.

You collected 36 gold pieces.


Innate Abilities, Weirdness & Mutations

You have extremely sharp teeth.
When hurt, damage is shared between your health and your magic reserves.
Your bite disrupts and absorbs the magic of your enemies.
Potions cannot restore your health.


   Skills:
 - Level 2.0 Dodging
 - Level 3.0 Stealth
 - Level 3.0 Spellcasting
 - Level 4.0 Necromancy
 + Level 1.4 Transmutations


You had 5 spell levels left.
You knew the following spells:

 Your Spells              Type           Power      Damage    Failure   Level
w - Wereblood             Tmut           7%         N/A       14%         2
X - Necrotise             Necr           64%        1d7       3%          1

Your spell library contained the following spells:

 Spells                   Type           Power      Damage    Failure   Level
 Beastly Appendage        Tmut           14%        N/A       10%         1
 Vampiric Draining        Necr           16%        2d7       10%         3
 Animate Dead             Necr           16%        N/A       32%         4
 Spider Form              Tmut/Pois      5%         N/A       36%         3
 Agony                    Necr           16%        N/A       67%         5

Inventory:

Hand Weapons
 a - a +0 dagger (weapon)
Missiles
 f - 23 stones
 k - 4 poisoned darts
Armour
 e - a +0 robe of willpower (worn)
Jewellery
 F - a ring of protection from fire
Scrolls
 d - a scroll of poison {unknown}
 h - a scroll of immolation {unknown}
 j - 2 scrolls of teleportation {unknown}
Potions
 b - a potion of magic
 c - 3 potions of might {unknown}
 g - a potion of heal wounds {unknown}
 i - a potion of cancellation {unknown}
 l - a potion of curing {unknown}
 m - a potion of brilliance {unknown}

Dungeon Overview and Level Annotations

Branches:
Dungeon (2/15)

Altars:

Annotations:
D:2 Robin

##### ###############PP~P
##.##### ##........#.)..~.P~.
#...g..# ##..##.#.#...~~PPPP~~
#.#.##..#####.Z.##.#.#.P~~P~♣~~.~
###.# #...g...)g@..#..P.P♣~~~PPP#
...........##...##~.PP~~♣~~PP.P##
.##.....######..#.PP~~~♣PP.P.###
.####.### #..#~P~♣♣~♣PP...#
.####.# #....~~♣♣♣PP~~..# ♣♣P...#
##+##PP~~≈≈♣PPP#.## ~~~~###
##...#P.P~♣♣≈~P.P..### ~P~~♣#
##......P.PP~~≈♣~..P.P# ~PPP.##
##.......#.P~P~≈≈~~~~~~P


You could see Robin, a hobgoblin (ally target) and a friendly goblin skeleton.


Message History

Unknown command.
The hobgoblin attacks as you move away! The hobgoblin hits you.
* * * LOW HITPOINT WARNING * * *
Casting: Necrotise (safe; 3% risk of failure)
Confirm with . or Enter, or press ? or * to list all spells.
Aiming: Necrotise (safe; 3% risk of failure)
Press: ? - help, Shift-Dir - straight line, f/p - hobgoblin
Aim: a hobgoblin (almost dead, chance to affect: 86%)
The goblin writhes in agony.
The goblin hits you with a +0 club.
* * * LOW HITPOINT WARNING * * *
Unknown command.
Casting: Necrotise (safe; 3% risk of failure)
Confirm with . or Enter, or press ? or * to list all spells.
You don't have enough magic to cast this spell.
Unknown command.
Unknown command.
The goblin attacks as you move away! The goblin hits you but does no damage.
The goblin attacks as you move away! The goblin closely misses you.
Casting: Necrotise (safe; 3% risk of failure)
Confirm with . or Enter, or press ? or * to list all spells.
Aiming: Necrotise (safe; 3% risk of failure)
Press: ? - help, Shift-Dir - straight line, f/p - hobgoblin
Aim: a hobgoblin (severely wounded, chance to affect: 86%)
The goblin writhes in agony.
You kill the goblin!
The dead are walking!
Unknown command.
The hobgoblin attacks as you move away! The hobgoblin barely misses you.
The hobgoblin attacks as you move away! The hobgoblin hits you.
You die...

Skill      XL: |  1  2  3 |
---------------+----------+-----
Stealth        | 3 |  3.0
Dodging        | 2 |  2.0
Transmutations | 1 |  1.4
Spellcasting   | 3 |  3.0
Necromancy     | |  4.0

Action                     || total
---------------------------++-------
  Melee: Unarmed           ||     2
         Bite              ||     2
         Dagger            ||     1
  Throw: Stone             ||     1
   Cast: Necrotise         ||    50
 Armour: Robe              ||     2
  Dodge: Dodged            ||    18

Levels and vault maps discovered:
D:1:      ebering_trefoil_3fold, layout_basic
D:2:      layout_loops_corners, serial_bayou, serial_bayou_ford_a,
          serial_bayou_lagoon_b, serial_bayou_lagoon_a, serial_bayou_pond_d,
          uniq_jessica, uniq_robin

Notes
Turn   | Place    | Note
-------+----------+-------------------------------------------
     0 | D:1      | Eryximachus the Vine Stalker Necromancer began the quest
                  | for the Orb.
     0 | D:1      | Reached XP level 1. HP: 9/9 MP: 4/4
   187 | D:1      | Reached XP level 2. HP: 13/13 MP: 1/6
   570 | D:1      | Learned a level 2 spell: Wereblood
   760 | D:1      | Reached skill level 3 in Stealth
   964 | D:1      | Reached skill level 2 in Dodging
  1202 | D:2      | Reached skill level 1 in Transmutations
  1202 | D:2      | Reached XP level 3. HP: 14/16 MP: 1/8
  1351 | D:2      | Noticed Robin
  1361 | D:2      | Reached skill level 3 in Spellcasting
  1403 | D:2      | HP: 1/16 [goblin/+0 club[Robin] (4)]
  1409 | D:2      | Slain by a hobgoblin

Vanquished Creatures
  An adder (D:2)
  4 ball pythons
  3 endoplasms
  A giant cockroach (D:1)
  8 goblins
  4 hobgoblins
  2 quokkas (D:1)
  A bat (D:1)
  2 kobolds
26 creatures vanquished.

Vanquished Creatures (collateral kills)
  A goblin (D:2)
1 creature vanquished.

Grand Total: 27 creatures vanquished

Table legend: (Time is in decaauts)
 A = Elapsed time spent in this place.
 B = Non-inter-level travel time spent in this place.
 C = Inter-level travel time spent in this place.
 D = Time resting spent in this place.
 E = Time spent auto-exploring this place.
 F = Levels seen in this place.
 G = Mean time per level.
                   A        B        C        D        E       F      G
               +--------+--------+--------+--------+--------+-----+--------+
         Total |   1416 |   1376 |     40 |     48 |   1097 |   2 |  708.0 |
       Dungeon |   1416 |   1376 |     40 |     48 |   1097 |   2 |  708.0 |
               +--------+--------+--------+--------+--------+-----+--------+

Top non-repeatable levels by time:
     D:1: 1054 daAuts
     D:2: 362 daAuts

Table legend:
 A = Non-vault XP
 B = Vault XP
 C = Vault XP percentage of total XP
 D = Non-vault monster count
 E = Vault monster count
 F = Vault count percentage of total count
                 A         B        C        D         E       F
            +---------+---------+-------+---------+---------+-------
      Total |      44 |      18 |  29.0 |      18 |       9 |  33.3
            +---------+---------+-------+---------+---------+-------
        D:1 |      23 |       0 |   0.0 |      13 |       0 |   0.0
        D:2 |      21 |      18 |  46.2 |       5 |       9 |  64.3
            +---------+---------+-------+---------+---------+-------
